 Dungeon Crawl Stone Soup version 0.20.1-1-g8b1a95d (console) character file.

5259 hilaritas the Cleaver (level 10, -2/83 HPs)
             Began as a Formicid Fighter on Mar 8, 2018.
             Was an Elder of Okawaru.
             Slain by a yak (6 damage)
             ... on level 9 of the Dungeon.
             The game lasted 00:23:18 (8011 turns).

hilaritas the Cleaver (Formicid Fighter)            Turns: 8011, Time: 00:23:19

Health: -2/83      AC: 18    Str: 23    XL:     10   Next: 93%
Magic:  13/14      EV:  9    Int: 12    God:    Okawaru [****..]
Gold:   443        SH: 13    Dex: 10    Spells: 9/9 levels left

rFire    . . .     SeeInvis +   p - +1 battleaxe
rCold    . . .     Gourm    .   c - +0 shield
rNeg     . . .     Faith    .   m - +0 plate armour
rPois    .         Spirit   .   (helmet unavailable)
rElec    .         Reflect  .   h - +0 cloak
rCorr    .         Harm     .   e - +0 pair of gloves
MR       +....                  n - +1 pair of boots {Fly}
Stlth    ..........             (no amulet)
Regen    0.3/turn               i - +3 ring of intelligence
MPRegen  0.2/turn               (no ring)

@: heroism, flying
A: permanent stasis, dig shafts and tunnels, four strong arms, antennae 3
a: Dig, Shaft Self, Heroism, Renounce Religion, Stop Flying


You were on level 9 of the Dungeon.
You worshipped Okawaru.
Okawaru was greatly pleased with you.
You were not hungry.

You visited 1 branch of the dungeon, and saw 9 of its levels.
You also visited: Sewer.

You collected 443 gold pieces.

Inventory:

Hand Weapons
 p - a +1 battleaxe (weapon)
 q - a +0 war axe of venom
 w - a +1 whip of electrocution
Missiles
 B - 2 tomahawks (quivered)
Armour
 c - a +0 shield (worn)
 e - a +0 pair of gloves (worn)
 h - a +0 cloak (worn)
 m - a +0 plate armour (worn)
 n - a +1 pair of boots of flying (worn)
Jewellery
 i - a +3 ring of intelligence (left hand)
Wands
 a - a wand of polymorph (17/24)
 b - a wand of paralysis (9/24)
 s - a wand of random effects (30/48)
 u - a wand of iceblast (4/15)
Scrolls
 j - 4 scrolls of identify
 k - 2 scrolls of remove curse
 x - a scroll of fog
 y - a scroll of magic mapping
 A - a scroll of enchant armour
Potions
 d - 2 potions of might
 g - 2 potions of heal wounds
 l - a potion of lignification
 o - a potion of cancellation
 v - a potion of invisibility
Comestibles
 f - 5 bread rations
 r - 4 chunks of flesh
 t - 5 meat rations
 z - 4 royal jellies


   Skills:
 * Level 9.4(14.4) Fighting
 - Level 10.2(15.2) Axes
 - Level 3.2(8.2) Armour
 + Level 9.1(14.1) Shields
 * Level 5.9 Invocations


You had 9 spell levels left.
You didn't know any spells.

Dungeon Overview and Level Annotations

Branches:
Dungeon (9/15)             Temple (0/1) D:5
   Lair: D:8-11         Orc: D:9-12

Altars:
Ashenzari
Elyvilon
Fedhas
Gozag
Makhleb
Nemelex Xobeh
Okawaru
Ru
Sif Muna
Zin
The Shining One


Innate Abilities, Weirdness & Mutations

You cannot be hasted, slowed, berserked, paralysed or teleported.
You can dig through walls and to a lower floor.
Your four strong arms can wield two-handed weapons with a shield.
You have a pair of large antennae on your head. (SInv)


Message History

The two-headed ogre hits you with a giant club.
* * * LOW HITPOINT WARNING * * *
You slash the two-headed ogre!
You kill the two-headed ogre!
Okawaru is honoured by your kill.
Your base Shields skill increases to level 9!
Unknown command.
You slash the yak!
The yak is moderately wounded.
You block the yak's attack.
You hit the yak.
The yak is moderately wounded.
You block the yak's attack.
You slice the yak!!
The yak is almost dead.
You block the yak's attack.
You barely miss the yak.
The yak is almost dead.
The yak gores you.
You die...

#. #####. ......
......### ........#
........###########
.. #.>..YYY@.......
...#....###########
.........# #####
..#......###.....#
# #.)..Y..<......#
#..............#
......##.........#
#....# #.....#####
#.... #.....# #....
#.>...# #.#.
...##%#


You could see 3 yaks.

Vanquished Creatures
  A two-headed ogre (D:9)
  Pikel (D:7)
  Psyche (D:8)
  The ghost of ceb the Skirmisher, an amateur DsFi (D:4)
  A hippogriff (D:8)
  4 hogs (D:8)
  2 hungry ghosts (D:8)
  A human (D:8)
  An orc warrior (D:8)
  An ice beast (D:5)
  2 sky beasts (D:6)
  2 phantoms
  2 ogres
  3 centaurs
  A crocodile (Sewer)
  3 bullfrogs (D:8)
  A water moccasin skeleton (D:7)
  3 scorpions
  A howler monkey (D:4)
  A bullfrog zombie (D:6)
  2 centaur skeletons
  5 orc priests
  A gnoll shaman (D:6)
  4 hounds
  3 jellies
  7 orc wizards
  A bullfrog skeleton (D:4)
  An iguana (D:4)
  3 worker ants
  2 hound skeletons
  A worker ant zombie (D:7)
  9 adders
  8 gnolls
  3 oozes
  2 adder zombies (D:6)
  2 adder skeletons (D:4)
  A worm (D:2)
  2 dart slugs
  A leopard gecko (D:1)
  32 orcs
  A ball python (D:2)
  2 giant cockroaches
  10 goblins
  8 hobgoblins
  12 jackals
  4 quokkas
  12 bats
  6 frilled lizards
  8 kobolds
  A leopard gecko skeleton (D:5)
  A leopard gecko zombie (D:6)
  11 rats
199 creatures vanquished.

Vanquished Creatures (others)
  A leopard gecko (D:7)
  A quokka (D:2)
2 creatures vanquished.

Grand Total: 201 creatures vanquished

Notes
Turn   | Place    | Note
-------+----------+-------------------------------------------
     0 | D:1      | hilaritas the Formicid Fighter began the quest for the Orb.
     0 | D:1      | Reached XP level 1. HP: 18/18 MP: 1/1
   187 | D:1      | Reached XP level 2. HP: 22/24 MP: 2/2
   524 | D:1      | Reached XP level 3. HP: 29/29 MP: 3/3
   804 | D:2      | Found a faded altar of an unknown god.
   841 | D:2      | Reached skill level 3 in Axes
   865 | D:2      | Reached XP level 4. HP: 35/37 MP: 4/4
   972 | D:2      | Found a glowing golden altar of the Shining One.
  1044 | D:2      | Found a white marble altar of Elyvilon.
  1694 | D:3      | Reached XP level 5. HP: 42/42 MP: 5/5
  2320 | D:4      | Reached skill level 4 in Axes
  2466 | D:4      | Reached XP level 6. HP: 42/48 MP: 6/6
  2615 | D:4      | Reached skill level 5 in Axes
  2707 | D:4      | Reached skill level 5 in Shields
  3216 | D:4      | Noticed ceb's ghost (amateur DsFi)
  3230 | D:4      | Killed ceb's ghost
  3230 | D:4      | Reached skill level 6 in Axes
  3230 | D:4      | Reached XP level 7. HP: 52/55 MP: 7/7
  3359 | D:5      | Entered Level 5 of the Dungeon
  3548 | D:5      | Reached skill level 7 in Axes
  3548 | D:5      | Reached XP level 8. HP: 61/61 MP: 8/8
  3691 | D:5      | Found an iron altar of Okawaru.
  3695 | D:5      | Became a worshipper of Warmaster Okawaru
  3708 | D:5      | Found a staircase to the Ecumenical Temple.
  3821 | D:5      | Reached skill level 8 in Axes
  3822 | D:5      | Found a glowing drain.
  3833 | Sewer    | Entered a sewer
  4282 | D:5      | Found a glowing silver altar of Zin.
  4283 | D:5      | Found a shattered altar of Ashenzari.
  4283 | D:5      | Found a deep blue altar of Sif Muna.
  4284 | D:5      | Found an opulent altar of Gozag.
  4284 | D:5      | Found a blossoming altar of Fedhas.
  4284 | D:5      | Found a burning altar of Makhleb.
  4533 | D:6      | Reached skill level 1 in Invocations
  4584 | D:6      | Reached skill level 5 in Fighting
  4691 | D:6      | Found an iron altar of Okawaru.
  4780 | D:6      | Reached skill level 9 in Axes
  4780 | D:6      | Reached XP level 9. HP: 44/68 MP: 10/10
  4938 | D:6      | Reached * piety under Okawaru
  5135 | D:6      | Found a sparkling altar of Nemelex Xobeh.
  5566 | D:7      | Noticed Pikel
  5598 | D:7      | Killed Pikel
  5598 | D:7      | Reached skill level 10 in Axes
  5797 | D:7      | Found a sacrificial altar of Ru.
  6127 | D:7      | Reached ** piety under Okawaru
  6798 | D:8      | Reached XP level 10. HP: 68/77 MP: 13/13
  7168 | D:8      | Reached skill level 5 in Invocations
  7381 | D:8      | Noticed Psyche
  7390 | D:8      | Killed Psyche
  7390 | D:8      | Reached *** piety under Okawaru
  7696 | D:8      | Reached **** piety under Okawaru
  7986 | D:9      | Noticed a two-headed ogre
  8002 | D:9      | HP: 5/83 [two-headed ogre/giant club (16)]
  8007 | D:9      | Killed a two-headed ogre
  8011 | D:9      | Slain by a yak

Skill      XL: |  1  2  3  4  5  6  7  8  9 10 |
---------------+-------------------------------+-----
Shields        | 4 5 6 7 9 |  9.1
Axes           | 3 4 6 7 9 10 | 10.2
Fighting       | 4 5 6 9 |  9.4
Invocations    | 2 4 5 |  5.9
Armour         | |  3.2

Action                   |  1- 3 |  4- 6 |  7- 9 | 10-12 || total
-------------------------+-------+-------+-------+-------++-------
Melee: War axe           |   116 |   172 |    36 |       ||   324
       Battleaxe         |       |       |   325 |   103 ||   428
Throw: Tomahawk          |       |       |       |     1 ||     1
Invok: Heroism           |       |       |       |     1 ||     1
Evoke: Wand              |       |       |       |     3 ||     3
  Use: Scroll            |       |     9 |     5 |     2 ||    16
       Potion            |       |       |       |     2 ||     2
  Eat: Chunk             |       |     6 |    10 |     6 ||    22
       Bread ration      |       |     1 |       |     2 ||     3
       Royal jelly       |       |       |     1 |     1 ||     2
Armor: Scale mail        |    52 |    30 |       |       ||    82
       Plate armour      |       |    68 |   233 |    72 ||   373
Dodge: Dodged            |    43 |    36 |   101 |    32 ||   212
Block: Shield            |    68 |    99 |   211 |    62 ||   440
